 Dungeon Crawl Stone Soup version 0.27-a0-75-g9f9dfd16e9 (webtiles) character file.

Game seed: 2144128983810239234

25547 kae the Martial Artist (level 13, -1/106 HPs)
             Began as an Octopode Transmuter on Jan 12, 2021.
             Was a High Priest of Wu Jian.
             Slain by a black mamba (5 damage)
             ... on level 4 of the Lair of Beasts.
             The game lasted 00:19:57 (22199 turns).

kae the Martial Artist (Octopode Transmuter)       Turns: 22199, Time: 00:19:58

Health: -1/106     AC: 10    Str: 13    XL:     13   Next: 20%
Magic:  43/43      EV: 22    Int: 16    God:    Wu Jian [*****.]
Gold:   725        SH:  0    Dex: 18    Spells: 10/28 levels left

rFire    x x .     SeeInvis .     - Unarmed
rCold    + + +     Faith    .   (shield currently unavailable)
rNeg     + + +     Spirit   .   (helmet currently unavailable)
rPois    +         Reflect  .   y - amulet "Yson" {Acrobat rPois rC- rN++}
rElec    .         Harm     .   c - +4 ring of evasion
rCorr    .         Rampage  .   d - ring of the Commoners {rPois rF- rN+ Dex+3 Slay+3}
Will     .....                  v - ring of wizardry
Stlth    ++........             w - ring "Agela" {rC+ MP+9 Dex+2}
HPRegen  0.27/turn              x - ring of magical power
MPRegen  0.28/turn              F - +4 ring of protection
                                I - +4 ring of slaying
                                (no ring)

@: lethally poisoned (-1 -> -15), ice-form
A: large, almost no armour, stealthy swim, amphibious, 8 rings, (constrict 8),
repulsion field 1, mutation resistance 1
a: End Transformation, Renounce Religion, Wall Jump, Serpent's Lash, Heavenly
Storm


You were on level 4 of the Lair of Beasts.
You worshipped Wu Jian.
Wu Jian was extremely pleased with you.
You were a creature of crystalline ice.
You visited 3 branches of the dungeon, and saw 16 of its levels.
You also visited: Bailey.

You collected 1221 gold pieces.
You spent 496 gold pieces at shops.

Inventory:

Hand Weapons
 a - a +0 arbalest of electrocution
Missiles
 j - 130 bolts
 u - 5 throwing nets
Jewellery
 c - a +4 ring of evasion (left front paw)
 d - the ring of the Commoners (right front paw) {rPois rF- rN+ Dex+3 Slay+3}
   (You found it in a bailey)

   [ring of positive energy]

   It affects your dexterity (+3).
   It affects your accuracy and damage with ranged weapons and melee attacks
   (+3).
   It makes you vulnerable to fire.
   It protects you from poison.
   It protects you from negative energy.
 m - an uncursed amulet of reflection
 v - a ring of wizardry (on tentacle)
 w - the ring "Agela" (on tentacle) {rC+ MP+9 Dex+2}
   (You bought it in a shop on level 10 of the Dungeon)

   [ring of magical power]

   It affects your dexterity (+2).
   It protects you from cold.
   It affects your magic capacity (+9).
 x - a ring of magical power (on tentacle)
 y - the amulet "Yson" (around neck) {Acrobat rPois rC- rN++}
   (You found it on level 10 of the Dungeon)

   [amulet of the acrobat]

   It helps you evade while moving and waiting.
   It makes you vulnerable to cold.
   It protects you from poison.
   It greatly protects you from negative energy.
 F - a +4 ring of protection (on tentacle)
 I - a +4 ring of slaying (on tentacle)
Wands
 z - a wand of flame (11)
 B - a wand of enslavement (9)
 D - a wand of iceblast (13)
 J - a wand of disintegration (11)
Scrolls
 e - 2 scrolls of fog
 h - 5 scrolls of amnesia
 i - 10 scrolls of teleportation
 k - 4 scrolls of enchant weapon
 p - 7 scrolls of remove curse
 r - 3 scrolls of magic mapping
 s - 3 scrolls of enchant armour
 G - 2 scrolls of identify
 H - 2 scrolls of blinking
Potions
 b - 6 potions of curing
 f - 2 potions of heal wounds
 g - 2 potions of might
 l - 11 potions of haste
 n - 2 potions of attraction
 q - 3 potions of cancellation
 t - 2 potions of brilliance
 A - a potion of resistance
 C - a potion of lignification
 E - 2 potions of invisibility


   Skills:
 + Level 8.7 Fighting
 + Level 9.1 Dodging
 * Level 12.5 Unarmed Combat
 + Level 8.3 Spellcasting
 + Level 8.9 Transmutations
 - Level 3.0 Ice Magic
 - Level 4.0 Air Magic
 - Level 3.0 Poison Magic


You had 10 spell levels left.
You knew the following spells:

 Your Spells              Type           Power        Failure   Level
a - Beastly Appendage     Tmut           70%          1%          1
b - Spider Form           Tmut/Pois      12%          1%          3
c - Ice Form              Ice/Tmut       25%          4%          4
d - Blade Hands           Tmut           17%          3%          5
e - Lightning Bolt        Conj/Air       6%           45%         5

Your spell library contained the following spells:

 Spells                   Type           Power        Failure   Level
 Freeze                   Ice            64%          1%          1
 Wereblood                Tmut           35%          1%          2
 Frozen Ramparts          Ice            32%          4%          3
 Ozocubu's Armour         Ice            16%          4%          3
 Static Discharge         Conj/Air       13%          6%          3
 Hailstorm                Conj/Ice       11%          22%         4
 Summon Ice Beast         Ice/Summ       11%          22%         4
 Ignition                 Fire           3%           100%        8
 Shatter                  Erth           3%           100%        9
 Tornado                  Air            9%           100%        9


Dungeon Overview and Level Annotations

Branches:
Dungeon (11/15)            Temple (1/1) D:4            Lair (4/6) D:8
 Shoals (0/4) Lair:3        Snake (0/4) Lair:3       Bailey (visited)
    Orc: D:9-12

Altars:
Ashenzari
Cheibriados
Dithmenos
Elyvilon
Fedhas
Gozag
Hepliaklqana
Kikubaaqudgha
Makhleb
Nemelex Xobeh
Okawaru
Qazlal
Ru
Sif Muna
Trog
Uskayaw
Wu Jian
Xom
Yredelemnul
Zin
The Shining One

Shops:
D:10 =

Annotations:
D:11 exclusion: hydra


Innate Abilities, Weirdness & Mutations

You cannot wear most types of armour.
You are very stealthy in the water. (Stealth+)
You are amphibious.
You can wear up to eight rings at the same time.
((You can use your tentacles to constrict eight enemies at once.))
((Your skin changes colour to match your surroundings (Stealth+).))
((Your rubbery body absorbs attacks. (AC +1, EV +1)))
You are surrounded by a mild repulsion field. (EV +2)
You are somewhat resistant to further mutation.


Message History

You feel sick. The black mamba misses you.
You hit the elephant but do no damage.
The elephant is almost dead.
You feel sick. The elephant tramples you!
* * * LOW HITPOINT WARNING * * *
You hold your ground!
The elephant closely misses you. The black mamba misses you.
You spin and attack the elephant.
You hit the elephant but do no damage.
The elephant is almost dead.
You spin and attack the elephant.
You punch the elephant! You freeze the elephant.
The elephant is severely wounded.
* * * LOW HITPOINT WARNING * * *
You feel sick.
The elephant dies!
The Council accepts your kill. The elephant tramples you.
* * * LOW HITPOINT WARNING * * *
You stumble backwards!
The black mamba bites you.
You die...

.....###....#..
..........#....
..#...†........
.........## ...#
###.......###
....##
#.......#.#
....###
......#.†..##
....P##
..#..###SY..##
##.....## . #..
##Y...###.......#
#. ##.....#.#...#
#.
#P...........##
###.......#...#
#.....##...##
##...###...##
#...<###....#
#..........##
.........##....#


You could see an elephant and a black mamba.

Vanquished Creatures
  Harold (D:8)
  2 hydras (Lair:1)
  A catoblepas (Lair:3)
  2 two-headed ogres
  3 skeletal warriors (D:11)
  2 unseen horrors (D:10)
  Pikel (D:8)
  An orc knight (Bailey)
  A cyclops (D:11)
  2 elephants (Lair:4)
  2 black mambas
  A merfolk siren (Lair:3)
  5 cane toads
  A rime drake (Lair:3)
  6 komodo dragons
  3 merfolk (Lair:3)
  A troll (D:8)
  10 blink frogs
  9 yaks
  2 wyverns
  A steam dragon (Lair:2)
  An acid dragon (D:11)
  A naga (Lair:3)
  6 water moccasins
  14 orc warriors
  A sky beast (D:4)
  2 black bears
  3 phantoms
  2 ice beasts
  3 ogres
  11 wolves
  10 centaurs
  A lemure (D:8)
  3 big kobolds
  13 bullfrogs
  A water moccasin zombie (D:9)
  A water moccasin skeleton (D:5)
  4 scorpions
  8 killer bees
  5 wights (D:9)
  4 electric eels
  4 howler monkeys
  2 quasits
  6 hounds
  9 orc wizards
  3 jellies
  A bullfrog skeleton (D:8)
  6 orc priests
  2 centaur skeletons
  6 worker ants
  3 iguanas
  Terence (D:2)
  A mummy (D:5)
  2 hound skeletons
  Robin (D:4)
  9 adders
  2 shadow imps
  5 white imps
  An ufetubus (D:8)
  2 adder skeletons
  4 worms
  2 dart slugs (D:1)
  5 leopard geckos
  53 orcs
  4 ball pythons
  6 bats
  5 giant cockroaches
  12 goblins
  17 hobgoblins
  18 jackals
  26 kobolds
  3 quokkas
  3 frilled lizards
  A quokka zombie (D:7)
  9 rats
385 creatures vanquished.

Vanquished Creatures (collateral kills)
  An elephant (Lair:4)
1 creature vanquished.

Vanquished Creatures (others)
  7 fungi
  5 plants
12 creatures vanquished.

Grand Total: 398 creatures vanquished

Notes
Turn   | Place    | Note
-------+----------+-------------------------------------------
     0 | D:1      | kae the Octopode Transmuter began the quest for the Orb.
     0 | D:1      | Reached XP level 1. HP: 13/13 MP: 3/3
   224 | D:1      | Reached XP level 2. HP: 9/18 MP: 5/5
   652 | D:1      | Reached XP level 3. HP: 19/23 MP: 4/6
   656 | D:1      | Learned a level 3 spell: Spider Form
  1350 | D:2      | Reached skill level 1 in Poison Magic
  1354 | D:2      | Reached XP level 4. HP: 29/29 MP: 7/7
  1739 | D:2      | Found an opulent altar of Gozag.
  1739 | D:2      | Found a shimmering blue altar of Sif Muna.
  1776 | D:2      | Found a sparkling altar of Nemelex Xobeh.
  2349 | D:3      | Noticed Terence
  2361 | D:3      | Reached XP level 5. HP: 21/34 MP: 8/8
  2387 | D:2      | Killed Terence
  2388 | D:2      | Reached skill level 4 in Unarmed Combat
  2720 | D:3      | Noticed a moth of wrath
  2726 | D:3      | Found a bloodstained altar of Trog.
  3333 | D:4      | Noticed a phantom
  3352 | D:4      | Killed a phantom
  3353 | D:4      | Reached XP level 6. HP: 33/39 MP: 7/10
  3364 | D:4      | Noticed Robin
  3379 | D:4      | Killed Robin
  3694 | D:4      | Reached XP level 7. HP: 45/45 MP: 7/11
  3752 | D:4      | Reached skill level 5 in Unarmed Combat
  3883 | D:4      | Found a staircase to the Ecumenical Temple.
  3966 | Temple   | Entered the Ecumenical Temple
  4045 | Temple   | Became a worshipper of the Wu Jian Council
  4347 | D:5      | Entered Level 5 of the Dungeon
  4611 | D:5      | Found a snail-covered altar of Cheibriados.
  5433 | D:5      | Reached XP level 8. HP: 52/52 MP: 7/13
  5936 | D:6      | Reached * piety under Wu Jian
  6100 | D:6      | Reached skill level 6 in Unarmed Combat
  6675 | D:6      | You fall into a shaft and drop 3 floors!
  6676 | D:9      | Noticed a two-headed ogre
  7147 | D:8      | Noticed a troll
  7180 | D:8      | Reached ** piety under Wu Jian
  7181 | D:8      | Reached skill level 7 in Unarmed Combat
  7181 | D:8      | Reached XP level 9. HP: 30/58 MP: 15/15
  7397 | D:9      | Reached skill level 5 in Dodging
  7818 | D:8      | Noticed a two-headed ogre
  8034 | D:8      | Reached skill level 5 in Transmutations
  8082 | D:8      | Killed a two-headed ogre
  8083 | D:8      | Reached skill level 5 in Fighting
  8083 | D:8      | Reached skill level 8 in Unarmed Combat
  8083 | D:8      | Reached skill level 5 in Spellcasting
  8236 | D:8      | Found a staircase to the Lair.
  8475 | D:7      | Gained mutation: You are surrounded by a mild repulsion
                  | field. (EV +2) [potion of mutation]
  8475 | D:7      | Gained mutation: You are somewhat resistant to further
                  | mutation. [potion of mutation]
  8485 | D:7      | Found a flagged portal.
  8497 | Bailey   | Entered a bailey
  8497 | Bailey   | Noticed an orc knight
  8508 | Bailey   | Reached XP level 10. HP: 32/66 MP: 16/18
  8699 | Bailey   | Learned a level 4 spell: Ice Form
  8705 | Bailey   | Learned a level 5 spell: Blade Hands
  8711 | Bailey   | Learned a level 5 spell: Lightning Bolt
  9370 | Bailey   | Got a translucent glass ring
  9504 | Bailey   | Identified the ring of the Commoners {rPois rF- rN+ Dex+3
                  | Slay+3} (You found it in a bailey)
  9698 | Bailey   | Killed an orc knight
  9699 | Bailey   | Reached skill level 9 in Unarmed Combat
  9873 | D:7      | Reached *** piety under Wu Jian
 10012 | D:7      | Found a burning altar of Makhleb.
 10484 | D:7      | Found a burning altar of Makhleb.
 10486 | D:7      | Noticed an Executioner
 12685 | D:8      | Noticed Harold
 12709 | D:8      | Found an iron altar of Okawaru.
 12728 | D:8      | Noticed Pikel
 12732 | D:8      | Killed Pikel
 13564 | D:8      | Killed Harold
 13565 | D:8      | Reached skill level 1 in Ice Magic
 13565 | D:8      | Reached XP level 11. HP: 74/74 MP: 15/20
 13709 | D:9      | Reached skill level 10 in Unarmed Combat
 13881 | D:9      | Reached **** piety under Wu Jian
 14090 | D:9      | Killed a two-headed ogre
 14361 | D:10     | Entered Level 10 of the Dungeon
 14416 | D:10     | Found Adacuss's Jewellery Boutique.
 14428 | D:10     | Bought the ring "Agela" {rC+ MP+9 Dex+2} for 496 gold
                  | pieces
 14762 | D:10     | Killed an unseen horror
 14992 | D:10     | Got a heavily runed bone amulet
 15323 | D:10     | Killed an unseen horror
 15459 | D:11     | Identified the amulet "Yson" {Acrobat rPois rC- rN++} (You
                  | found it on level 10 of the Dungeon)
 15540 | D:11     | Noticed a six-headed hydra
 15588 | D:11     | Noticed a cyclops
 15617 | D:11     | Killed a cyclops
 15772 | D:11     | Noticed a skeletal warrior
 15772 | D:11     | Noticed a skeletal warrior
 15787 | D:11     | Noticed a skeletal warrior
 15791 | D:11     | Killed a skeletal warrior
 16472 | D:11     | Killed a skeletal warrior
 16473 | D:11     | Reached skill level 1 in Air Magic
 16884 | D:11     | Killed a skeletal warrior
 16885 | D:11     | Reached skill level 11 in Unarmed Combat
 17134 | Lair:1   | Entered Level 1 of the Lair of Beasts
 17134 | Lair:1   | Noticed a six-headed hydra
 17143 | Lair:1   | Killed a six-headed hydra
 17144 | Lair:1   | Reached XP level 12. HP: 67/81 MP: 22/22
 17731 | Lair:1   | Noticed a six-headed hydra
 17740 | Lair:1   | Killed a six-headed hydra
 18333 | Lair:2   | Reached ***** piety under Wu Jian
 19485 | Lair:2   | Found a hazy altar of Hepliaklqana.
 19918 | Lair:3   | Reached skill level 12 in Unarmed Combat
 20396 | Lair:3   | Found a staircase to the Snake Pit.
 20407 | Lair:3   | Reached XP level 13. HP: 89/89 MP: 25/25
 20593 | Lair:3   | Found a staircase to the Shoals.
 21496 | Lair:3   | Found a staircase to the Snake Pit.
 21729 | Lair:3   | Found a staircase to the Shoals.
 22199 | Lair:4   | HP: 4/106 [elephant (5)]
 22199 | Lair:4   | Slain by a black mamba

Illustrated notes

Levels and vault maps discovered:
D:1:      matt_arrival_diagonals, layout_basic, minmay_small_reverse_x
D:2:      minmay_skewed_foursquare, layout_loops_ring,
          nicolae_overflow_hidden_temple
D:3:      layout_rooms, tgw_trog, uniq_terence
D:4:      layout_basic, minmay_temple_entry_gardened_gates, uniq_robin
D:5:      layout_gridville, slow_altar_1
D:6:      layout_loops_cross
D:7:      layout_loops_ring, nicolae_overflow_crystal_walls, enter_bailey_2,
          minmay_misc_feat_iff, makhleb_altar_promises_db
D:8:      layout_basic, erik_lair_island, serial_corexii_hall,
          corexii_hall_statues_x, corexii_hall_statues_t,
          corexii_hall_statues_i, corexii_hall_statues_s,
          corexii_hall_statues_t, corexii_hall_statues_t,
          okawaru_ov_weapons_minmay, uniq_harold, uniq_pikel
D:9:      layout_roguey
D:10:     layout_stronghold, serial_shops, shop, kennysheep_generic_room_15
D:11:     layout_stronghold
Temple:   nicolae_temple_great_sept
Lair:1:   layout_regular_city, grunt_forest_stairs_basic, st_stairs_5,
          grunt_megastairs_1
Lair:2:   layout_cave_pods, lemuel_centaur_altar, infiniplex_staircase_pool
Lair:3:   layout_gridlike, elwin_shoals_entry_stream,
          guppyfry_snake_entry_garden, eino_small_chamber_without_monster
Lair:4:   layout_concentric_octagons, minivault_25

Skill      XL: |  1  2  3  4  5  6  7  8  9 10 11 12 13 |
---------------+----------------------------------------+-----
Poison Magic   | 1 3 |  3.0
Unarmed Combat | 4 5 7 8 9 11 12 | 12.5
Fighting       | 2 3 4 5 6 7 8 |  8.7
Dodging        | 3 4 5 6 7 8 9 |  9.1
Spellcasting   | 3 4 5 6 7 8 |  8.3
Transmutations | 3 4 5 6 7 8 |  8.9
Ice Magic      | 1 3 |  3.0
Air Magic      | 2 4 |  4.0

Action                   |  1- 3 |  4- 6 |  7- 9 | 10-12 | 13-15 || total
-------------------------+-------+-------+-------+-------+-------++-------
Melee: Unarmed           |    79 |   135 |   331 |   439 |    47 ||  1031
       Constrict         |    24 |    21 |    13 |    17 |       ||    75
       Tentacles         |    15 |    11 |     5 |    14 |       ||    45
       Kick              |    17 |    15 |       |    10 |       ||    42
       Punch             |     2 |     3 |     1 |     1 |       ||     7
       Arbalest          |       |       |       |     1 |       ||     1
 Fire: Arbalest          |       |       |       |    52 |       ||    52
 Cast: Beastly Appendage |    19 |    21 |       |    25 |       ||    65
       Spider Form       |       |     8 |    48 |     9 |       ||    65
       Ice Form          |       |       |       |    52 |     5 ||    57
       Blade Hands       |       |       |       |     3 |       ||     3
Invok: Lunge             |       |       |    14 |    47 |     5 ||    66
       Whirlwind         |       |       |    10 |     7 |     5 ||    22
Evoke: Wand              |       |       |     5 |       |       ||     5
  Use: Scroll            |     5 |     5 |     5 |    12 |     3 ||    30
       Potion            |       |       |     4 |     1 |       ||     5
 Stab: Sleeping          |     1 |    10 |       |     4 |       ||    15
       Distracted        |       |       |       |     1 |       ||     1
Armor: Skin              |     2 |    10 |    14 |    34 |    13 ||    73
Dodge: Dodged            |    48 |   100 |   358 |   388 |    55 ||   949
Block: Other             |       |       |       |    39 |       ||    39
       Reflection        |       |       |       |     3 |       ||     3

Table legend: (Time is in decaauts)
 A = Elapsed time spent in this place.
 B = Non-inter-level travel time spent in this place.
 C = Inter-level travel time spent in this place.
 D = Time resting spent in this place.
 E = Time spent auto-exploring this place.
 F = Levels seen in this place.
 G = Mean time per level.
                   A        B        C        D        E       F      G
               +--------+--------+--------+--------+--------+-----+--------+
         Total |  22112 |  21330 |    782 |   4234 |  13820 |  17 | 1300.7 |
       Dungeon |  15670 |  15067 |    603 |   2791 |   9910 |  11 | 1424.5 |
        Temple |     90 |     67 |     23 |      0 |     65 |   1 |   90.0 |
          Lair |   5021 |   4866 |    155 |    594 |   3814 |   4 | 1255.2 |
        Bailey |   1329 |   1329 |      0 |    849 |     31 |   1 | 1329.0 |
               +--------+--------+--------+--------+--------+-----+--------+

Top non-repeatable levels by time:
     D:8: 3080 daAuts
  Lair:3: 2231 daAuts
     D:5: 1805 daAuts
    D:11: 1599 daAuts
     D:9: 1571 daAuts
  Lair:2: 1571 daAuts
  Bailey: 1329 daAuts
     D:2: 1289 daAuts
  Lair:1: 1175 daAuts
     D:7: 1143 daAuts
     D:6: 1126 daAuts
    D:10: 1104 daAuts
     D:1: 1102 daAuts
     D:4: 1023 daAuts
     D:3: 824 daAuts
